 Dungeon Crawl Stone Soup version 0.28.0-53-g5a82cb258f (webtiles) character file.

Game seed: 6712090383973752653

160 H0rd4k the Charlatan (level 5, 0/38 HPs)
             Began as a Human Artificer on June 20, 2022.
             Succumbed to an adder's poison
             ... in a sewer on June 21, 2022.
             The game lasted 00:04:04 (2370 turns).

H0rd4k the Charlatan (Human Artificer)              Turns: 2370, Time: 00:04:05

Health: 0/38       AC:  6    Str: 12    XL:     5   Next: 69%
Magic:  5/5        EV: 12    Int: 14    God:
Gold:   31         SH:  0    Dex: 13    Spells: 4/4 levels left

rFire   . . .      SeeInvis .   a - +0 club
rCold   . . .      Faith    .   (no shield)
rNeg    . . .      Spirit   .   b - +0 leather armour
rPois   .          Reflect  .   (no helmet)
rElec   .          Harm     .   (no cloak)
rCorr   .          Rampage  .   (no gloves)
Will    .....                   g - +2 pair of boots {Fly}
Stlth   +.........              (no amulet)
HPRegen 0.12/turn               (no ring)
MPRegen 0.09/turn               (no ring)

@: lethally poisoned (0 -> -2), on berserk cooldown, flying, slowed, very slow
A: no striking features
a: no special abilities


You were in a sewer.
You visited 1 branch of the dungeon, and saw 3 of its levels.
You also visited: Sewer.

You collected 31 gold pieces.

Inventory:

Hand Weapons
 a - a +0 club (weapon)
Armour
 b - a +0 leather armour (worn)
 g - a +2 pair of boots of flying (worn)
Wands
 d - a wand of charming (11)
Scrolls
 i - a scroll of teleportation {unknown}
 o - a scroll of fog {unknown}
Potions
 h - a potion of degeneration {unknown}
 j - a potion of curing {unknown}
 k - a potion of mutation {unknown}
 l - a potion of attraction {unknown}
 m - 2 potions of might {unknown}
 n - a potion of heal wounds {unknown}
Miscellaneous
 e - a piece from Xom's chessboard (15/15)


   Skills:
 + Level 1.7 Fighting
 + Level 2.5 Maces & Flails
 - Level 2.0 Armour
 + Level 2.3 Dodging
 - Level 1.0 Stealth
 + Level 4.3 Evocations


You had 4 spell levels left.
You didn't know any spells.
Your spell library was empty.

Dungeon Overview and Level Annotations

Branches:
Dungeon (4/15)              Sewer (1/1)
 Temple: D:4-7

Altars:

Shops:
D:4 =

Annotations:
D:4 Edmund


Message History

The adder is almost dead.
The adder bites you.
* * * LOW HITPOINT WARNING * * *
You are poisoned.
The adder poisons you! The adder bites you.
* * * LOW HITPOINT WARNING * * *
You are lethally poisoned!
The adder poisons you!
You don't have any such object.
Evoke which item? (* to show all) (? for menu, Esc to quit)
Okay, then.
Unknown command.
Unknown command.
Okay, then.
Unknown command.
You hit the adder but do no damage.
The adder is almost dead.
* * * LOW HITPOINT WARNING * * *
You feel very sick. The adder closely misses you.
It was a potion of berserk rage.
A red film seems to cover your vision as you go berserk!
You feel yourself moving faster!
You feel mighty!
* * * LOW HITPOINT WARNING * * *
You feel sick. The adder misses you. The adder completely misses you.
You barely miss the adder.
The adder is almost dead.
You feel sick. The adder bites you but does no damage.
You sock the adder!
You kill the adder!
You feel sick.
You feel sick.
You feel a strong urge to attack something.
You feel sick.
You feel your anger nearly subside.
You are no longer berserk.
You are exhausted.
You feel yourself slow down.
* * * LOW HITPOINT WARNING * * *
You feel sick.
You die...

≈...#
#.≈≈≈≈#
###≈#
#≈###.#
# #≈#
#≈# #≈#
###.##
#≈###≈##
.#..≈#
≈..#≈..#
≈#≈#)#
≈#≈#≈#≈#
≈#≈#≈#
#≈
≈#≈#≈#
≈#≈#≈#
#≈
≈#≈#≈#
.#.#.#
#.#@#
######
#####


There were no monsters in sight!

Vanquished Creatures
  An orc priest (D:4)
  7 adders
  3 river rats (Sewer)
  2 dart slugs (D:1)
  An orc (D:4)
  2 bats
  6 endoplasms
  2 giant cockroaches
  3 hobgoblins
  3 kobolds
  2 quokkas (D:1)
  3 ball pythons
  A frilled lizard (D:1)
  5 goblins (D:1)
  6 rats
47 creatures vanquished.

Vanquished Creatures (collateral kills)
  A river rat (D:4)
  A worm (D:4)
  2 orcs (D:4)
  A giant cockroach (D:4)
  A goblin (D:4)
  A rat (D:4)
7 creatures vanquished.

Vanquished Creatures (others)
  A plant (D:2)
1 creature vanquished.

Grand Total: 55 creatures vanquished

Notes
Turn   | Place    | Note
-------+----------+-------------------------------------------
     0 | D:1      | H0rd4k the Human Artificer began the quest for the Orb.
     0 | D:1      | Reached XP level 1. HP: 15/15 MP: 1/1
   323 | D:1      | Reached XP level 2. HP: 21/21 MP: 2/2
  1121 | D:1      | Reached XP level 3. HP: 22/26 MP: 3/3
  1540 | D:2      | Reached skill level 1 in Maces & Flails
  1540 | D:2      | Reached skill level 4 in Evocations
  1553 | D:2      | You are sucked into a shaft and drop 2 floors!
  1590 | D:4      | Reached XP level 4. HP: 30/32 MP: 4/4
  1629 | D:4      | Found Wuwamor's Jewellery Emporium.
  1791 | D:4      | Noticed Edmund
  1811 | D:4      | Found a glowing drain.
  1815 | Sewer    | Entered a sewer
  1954 | Sewer    | Reached XP level 5. HP: 34/37 MP: 5/5
  2370 | Sewer    | Succumbed to an adder's poison

Illustrated notes

Levels and vault maps discovered:
D:1:      dpeg_arrival_refuge, layout_basic, minmay_cut_off
D:2:      layout_loops_ring, serial_forest, infiniplex_forest_clump_double,
          infiniplex_forest_zigzag_2, infiniplex_forest_lined_room_2,
          infiniplex_forest_join, infiniplex_forest_corner_1,
          infiniplex_forest_clump_small, infiniplex_forest_clump_curved,
          minmay_fractal_squares_gapless_5
D:4:      layout_basic, serial_shops, shop, gup_sewer_entry_bowl, uniq_edmund
Sewer:    sewer_co_tree

Skill      XL: |  1  2  3  4  5 |
---------------+----------------+-----
Maces & Flails | 1 2 |  2.5
Evocations     | 4 |  4.3
Dodging        | 2 |  2.3
Fighting       | |  1.7
Armour         | |  2.0
Stealth        | |  1.0

Action                   |  1- 3 |  4- 6 || total
-------------------------+-------+-------++-------
Melee: Club              |   102 |    73 ||   175
       Punch             |     1 |       ||     1
Evoke: Wand              |     7 |    12 ||    19
  Use: Potion            |       |     1 ||     1
 Stab: Sleeping          |     2 |       ||     2
Armor: Leather armour    |    45 |    31 ||    76
Dodge: Dodged            |    67 |    43 ||   110
